 Dungeon Crawl Stone Soup version 0.27-a0-1158-gaa87e14f67 (webtiles) character file.

Game seed: 14327482286117565856

2116 HoaS the Spear-Bearer (level 9, -9/75 HPs)
             Began as a Tengu Berserker on May 15, 2021.
             Was an Elder of Trog.
             Mangled by Duvessa
             ... wielding a +0 rapier
              (19 damage)
             ... on level 6 of the Dungeon.
             The game lasted 00:16:28 (6201 turns).

HoaS the Spear-Bearer (Tengu Berserker)             Turns: 6201, Time: 00:16:28

Health: -9/75      AC:  6    Str: 20    XL:     9   Next: 29%
Magic:  10/10      EV: 12    Int:  7    God:    Trog [****..]
Gold:   258        SH:  0    Dex: 15    Spells: 8/8 levels left

rFire    . . .     SeeInvis .   f - +5 halberd
rCold    + . .     Faith    .   (shield currently unavailable)
rNeg     . . .     Spirit   .   m - +0 scale mail
rPois    .         Reflect  .   (helmet restricted)
rElec    .         Harm     .   (no cloak)
rCorr    .         Rampage  .   (no gloves)
Will     .....                  (boots unavailable)
Stlth    ..........             (no amulet)
HPRegen  0.22/turn              d - ring of protection from cold
MPRegen  0.12/turn              (no ring)

@: berserking (expiring), flying quickly and evasively, very quick
A: beak, talons 3, nimble flight
a: Renounce Religion, Berserk, Trog's Hand, Brothers in Arms


You were on level 6 of the Dungeon.
You worshipped Trog.
Trog was greatly pleased with you.
You visited 1 branch of the dungeon, and saw 6 of its levels.

You collected 258 gold pieces.

Inventory:

Hand Weapons
 f - a +5 halberd (weapon)
Missiles
 k - 5 curare-tipped darts
Armour
 m - a +0 scale mail (worn)
Jewellery
 d - a ring of protection from cold (left hand)
 q - a +6 ring of intelligence
Wands
 j - a wand of flame (3) (quivered)
Scrolls
 a - 2 scrolls of magic mapping
 l - a scroll of enchant armour
 n - a scroll of enchant weapon
 p - a scroll of identify
Potions
 b - 2 potions of attraction
 c - a potion of cancellation
 e - 2 potions of haste
 g - 2 potions of lignification
 h - 2 potions of heal wounds {unknown}
 i - 2 potions of invisibility {unknown}
 o - a potion of degeneration {unknown}


   Skills:
 - Level 3.0 Fighting
 + Level 13.0 Polearms
 - Level 2.1 Armour
 - Level 2.1 Dodging


You had 8 spell levels left.
You didn't know any spells.
Your spell library was empty.

Dungeon Overview and Level Annotations

Branches:
Dungeon (6/15)             Temple (0/1) D:4

Altars:
Nemelex Xobeh
Uskayaw

Annotations:
D:5 2 transporters, GrimJard's ghost, novice MiBe
D:6 1 transporter, Duvessa; Tribosh's ghost, novice TeHu


Innate Abilities, Weirdness & Mutations

You have a beak for a mouth.
You have claws for feet.
Your magical nature lets you fly swiftly and evasively.


Message History

o - a bubbling inky potion
Found 14 stones.
You see here 13 poisoned darts.
b - 2 potions of attraction (gained 1)
p - a scroll of identify You now have 258 gold pieces (gained 10).
Found a hunting sling.
You see here a +0 hunting sling.
q - a +6 ring of intelligence Duvessa, Sister of Dowan comes into view.
She is wielding a +0 rapier.
Duvessa shouts!
Duvessa goes berserk!
Duvessa is nearby!
You reach to attack!
You hit Duvessa.
Duvessa is lightly wounded.
You closely miss Duvessa. Your kick misses Duvessa.
Duvessa is lightly wounded.
Duvessa hits you but does no damage.
You barely miss Duvessa.
Duvessa is lightly wounded.
Duvessa hits you with a +0 rapier!! Duvessa closely misses you.
You barely miss Duvessa.
Duvessa is lightly wounded.
Duvessa barely misses you.
A red film seems to cover your vision as you go berserk!
You feel yourself moving faster!
You feel mighty! Duvessa hits you with a +0 rapier! x2
You feel a strong urge to attack something.
You barely miss Duvessa. You claw Duvessa! You peck Duvessa!
Duvessa is heavily wounded.
Duvessa hits you with a +0 rapier.
* * * LOW HITPOINT WARNING * * *
You hit Duvessa but do no damage. You claw Duvessa! Your peck misses Duvessa.
Duvessa is severely wounded.
Duvessa hits you with a +0 rapier!
* * * LOW HITPOINT WARNING * * *
You hit Duvessa.
Duvessa is severely wounded.
Duvessa hits you with a +0 rapier!!
You die...

.......#...............##
.............##....#####
..............#....#
...................#
....####.##.......##
.....##.[.#.......#
......#.......##..##
......#......###...##
)...............@e..#
#.....##................#
##..............#......##
.#..............##.....#
.#.........#......#.....#
.......#..#...>... ....##
#.....##........ . ....#
##.....##........# ...##
.......#.....


You could see Duvessa (berserk).

Vanquished Creatures
  Grinder (D:3)
  Menkaure (D:5)
  A water moccasin (D:5)
  2 sky beasts (D:5)
  An ice beast (D:5)
  A black bear (D:4)
  An ogre (D:5)
  2 phantoms
  A scorpion (D:5)
  Dowan (D:6)
  4 killer bees (D:5)
  8 wights
  2 centaur zombies
  3 hounds
  A jelly (D:4)
  2 centaur skeletons
  An iguana (D:5)
  A hound skeleton (D:5)
  3 gnolls (D:5)
  6 adders
  4 river rats (D:5)
  An ufetubus (D:6)
  2 worms
  2 dart slugs
  9 orcs
  4 endoplasms
  3 giant cockroaches
  3 hobgoblins
  12 jackals (D:1)
  7 kobolds
  2 quokkas
  8 ball pythons
  11 bats
  4 frilled lizards (D:1)
  8 goblins
  6 rats
129 creatures vanquished.

Vanquished Creatures (others)
  67 plants (D:5)
67 creatures vanquished.

Grand Total: 196 creatures vanquished

Notes
Turn   | Place    | Note
-------+----------+-------------------------------------------
     0 | D:1      | HoaS the Tengu Berserker began the quest for the Orb.
     0 | D:1      | Reached XP level 1. HP: 14/14 MP: 2/2
   266 | D:1      | Reached skill level 4 in Polearms
   266 | D:1      | Reached XP level 2. HP: 15/19 MP: 3/3
   558 | D:1      | Reached XP level 3. HP: 23/23 MP: 4/4
  1283 | D:1      | Reached ** piety under Trog
  1453 | D:2      | Reached skill level 5 in Polearms
  1453 | D:2      | Reached XP level 4. HP: 18/28 MP: 5/5
  1954 | D:2      | Found a hide-covered altar of Uskayaw.
  1995 | D:2      | Found a faded altar of an unknown god.
  2324 | D:3      | Reached skill level 6 in Polearms
  2381 | D:3      | Gained mutation: Your magical nature lets you fly swiftly
                  | and evasively. [Tengu growth]
  2381 | D:3      | Reached XP level 5. HP: 28/32 MP: 6/6
  2755 | D:3      | Noticed Grinder
  2762 | D:3      | Killed Grinder
  2763 | D:3      | Reached skill level 7 in Polearms
  2763 | D:3      | Reached XP level 6. HP: 23/37 MP: 7/7
  3381 | D:4      | Reached skill level 8 in Polearms
  3558 | D:3      | Reached XP level 7. HP: 11/40 MP: 8/8
  3830 | D:4      | Reached skill level 9 in Polearms
  4018 | D:4      | Reached *** piety under Trog
  4150 | D:4      | Found a sparkling altar of Nemelex Xobeh.
  4335 | D:4      | Found a staircase to the Ecumenical Temple.
  4444 | D:5      | Entered Level 5 of the Dungeon
  4463 | D:5      | Noticed Menkaure
  4476 | D:5      | Reached skill level 10 in Polearms
  4480 | D:5      | Killed Menkaure
  4481 | D:5      | Reached XP level 8. HP: 40/46 MP: 9/9
  4517 | D:5      | Reached skill level 11 in Polearms
  5044 | D:5      | Reached skill level 12 in Polearms
  5066 | D:5      | Reached XP level 9. HP: 32/50 MP: 10/10
  5563 | D:5      | Found a transporter.
  5599 | D:5      | Found a sparkling altar of Nemelex Xobeh.
  5699 | D:5      | Found a transporter.
  5705 | D:5      | Noticed GrimJard's ghost (novice MiBe)
  6062 | D:6      | Noticed Dowan
  6068 | D:6      | Noticed a troll
  6072 | D:6      | Killed Dowan
  6073 | D:6      | Reached skill level 13 in Polearms
  6074 | D:6      | Reached **** piety under Trog
  6075 | D:6      | Noticed Tribosh's ghost (novice TeHu)
  6086 | D:6      | Found a transporter.
  6190 | D:6      | Noticed Duvessa
  6201 | D:6      | Mangled by Duvessa

Illustrated notes

Levels and vault maps discovered:
D:1:      amcnicky_arrival_feature_with_door, layout_basic
D:2:      layout_loops_cross, basic_altar, basic_ecumenical_altar, minivault_5,
          serial_park_tiny_2
D:3:      layout_loops_ring, uniq_grinder
D:4:      layout_loops_cross, nemelex_dance_club_becter,
          minmay_temple_entry_enclosed_plants
D:5:      wad_woods_stonehenge, layout_rooms, gammafunk_ghost_abyssal_escape,
          uniq_menkaure
D:6:      layout_cave_pools, gammafunk_ghost_arena, uniq_duvessa

Skill      XL: |  1  2  3  4  5  6  7  8  9 |
---------------+----------------------------+-----
Polearms       | 4 5 6 7 8 10 12 13 | 13.0
Fighting       | |  3.0
Armour         | |  2.1
Dodging        | |  2.1

Action                   |  1- 3 |  4- 6 |  7- 9 || total
-------------------------+-------+-------+-------++-------
Melee: Spear             |    78 |   111 |       ||   189
       Peck              |    10 |    17 |    21 ||    48
       Kick              |    15 |    31 |    27 ||    73
       Trident           |       |    13 |    64 ||    77
       Halberd           |       |       |    87 ||    87
Invok: Berserk           |     1 |       |     1 ||     2
Evoke: Wand              |       |     3 |     3 ||     6
  Use: Scroll            |     1 |     8 |     3 ||    12
 Stab: Sleeping          |     1 |       |       ||     1
Armor: Animal skin       |     9 |       |       ||     9
       Ring mail         |    13 |    26 |     4 ||    43
       Scale mail        |       |       |    26 ||    26
Dodge: Dodged            |    27 |    39 |    55 ||   121

Table legend: (Time is in decaauts)
 A = Elapsed time spent in this place.
 B = Non-inter-level travel time spent in this place.
 C = Inter-level travel time spent in this place.
 D = Time resting spent in this place.
 E = Time spent auto-exploring this place.
 F = Levels seen in this place.
 G = Mean time per level.
                   A        B        C        D        E       F      G
               +--------+--------+--------+--------+--------+-----+--------+
         Total |   5963 |   5673 |    290 |   2041 |   2826 |   6 |  993.8 |
       Dungeon |   5963 |   5673 |    290 |   2041 |   2826 |   6 |  993.8 |
               +--------+--------+--------+--------+--------+-----+--------+

Top non-repeatable levels by time:
     D:5: 1496 daAuts
     D:1: 1378 daAuts
     D:3: 1143 daAuts
     D:4: 899 daAuts
     D:2: 880 daAuts
     D:6: 165 daAuts
